 Dungeon Crawl Stone Soup version 0.28.0 (webtiles) character file.

Game seed: 11599748085196724546

27159 Softman25 the Impaler (level 13, -3/116 HPs)
             Began as a Merfolk Gladiator on Feb 21, 2022.
             Was a High Priest of Makhleb.
             Slain by a death yak (15 damage)
             ... on level 2 of the Lair of Beasts.
             The game lasted 00:43:48 (17141 turns).

Softman25 the Impaler (Merfolk Gladiator)          Turns: 17141, Time: 00:43:49

Health: -3/116     AC: 23    Str: 24    XL:     13   Next: 30%
Magic:  20/20      EV: 11    Int:  8    God:    Makhleb [*****.]
Gold:   1019       SH:  5    Dex: 16    Spells: 12/12 levels left

rFire   . . .      SeeInvis .   K - +3 trident (venom)
rCold   . . .      Faith    .   (no shield)
rNeg    . . .      Spirit   .   i - +4 plate armour {rPois}
rPois   +          Reflect  +   c - +1 helmet
rElec   .          Harm     .   o - +0 cloak
rCorr   .          Rampage  .   A - +2 pair of gloves
Will    .....                   (no boots)
Stlth   ..........              k - amulet of reflection
HPRegen 0.29/turn               w - +6 ring of strength
MPRegen 0.17/turn               u - ring of flight

@: flying, studying Polearms
A: (nimble swimmer 2), mertail
a: Renounce Religion, Minor Destruction, Lesser Servant of Makhleb, Major
Destruction, Greater Servant of Makhleb


You were on level 2 of the Lair of Beasts.
You worshipped Makhleb.
Makhleb was extremely pleased with you.
You visited 3 branches of the dungeon, and saw 15 of its levels.
You also visited: Ossuary and Gauntlet.

You collected 1019 gold pieces.

Inventory:

Hand Weapons
 K - a +3 trident of venom (weapon)
Missiles
 d - 4 throwing nets (quivered)
 t - 12 javelins
Armour
 c - a +1 helmet (worn)
 i - a +4 plate armour of poison resistance (worn)
 o - a +0 cloak (worn)
 A - a +2 pair of gloves (worn)
Jewellery
 a - a ring of protection from fire
 k - an amulet of reflection (around neck)
 u - a ring of flight (right hand)
 w - a +6 ring of strength (left hand)
 S - a ring of protection from cold
Wands
 b - a wand of flame (5)
 h - a wand of mindburst (7)
 z - a wand of iceblast (1)
 H - a wand of charming (9)
 I - a wand of acid (3)
 M - a wand of polymorph (8)
Scrolls
 e - 3 scrolls of teleportation
 g - a scroll of identify
 j - a scroll of brand weapon
 l - a scroll of enchant weapon
 m - a scroll of vulnerability
 n - 2 scrolls of enchant armour
 q - a scroll of amnesia
 x - 3 scrolls of fog
 y - a scroll of immolation
 V - a scroll of silence {unknown}
 W - a scroll of fear
 X - 2 scrolls of magic mapping {unknown}
Potions
 f - 3 potions of lignification
 p - 3 potions of flight
 r - 3 potions of invisibility
 s - a potion of magic
 v - a potion of cancellation
 C - a potion of ambrosia
 D - a potion of berserk rage
 E - a potion of curing
 F - 2 potions of mutation
 G - 4 potions of brilliance
 L - a potion of haste
 N - a potion of resistance
 Q - a potion of attraction
 U - a potion of might
Miscellaneous
 J - a piece from Xom's chessboard (15/15)
 O - a condenser vane
 T - a piece from Xom's chessboard (15/15)


   Skills:
 - Level 15.3 Fighting
 + Level 18.1 Polearms
 - Level 2.0 Throwing
 + Level 5.7 Armour
 + Level 10.2 Dodging
 + Level 10.3 Invocations


You had 12 spell levels left.
You didn't know any spells.
Your spell library contained the following spells:

 Spells                   Type           Power      Damage    Failure   Level
 Animate Skeleton         Necr           0%         N/A       100%        1
 Apportation              Tloc           0%         N/A       100%        1
 Pain                     Necr           0%         1d4       100%        1
 Sting                    Tmut/Pois      0%         1d3       100%        1
 Summon Small Mammal      Summ           0%         N/A       100%        1
 Blink                    Tloc           0%         N/A       100%        2
 Corpse Rot               Necr/Air       0%         N/A       100%        2
 Ensorcelled Hibernation  Hex/Ice        0%         N/A       100%        2
 Passwall                 Tmut/Erth      0%         N/A       100%        2
 Poisonous Vapours        Pois/Air       0%         N/A       100%        2
 Dazzling Flash           Conj/Hex       0%         N/A       100%        3
 Lesser Beckoning         Tloc           0%         N/A       100%        3
 Swiftness                Air            0%         N/A       100%        3
 Vampiric Draining        Necr           0%         2d6       100%        3
 Iskenderun's Mystic Bla  Conj/Tloc      0%         2d3       100%        4
 Olgreb's Toxic Radiance  Pois           0%         N/A       100%        4
 Manifold Assault         Tloc           0%         N/A       100%        5
 Starburst                Conj/Fire      0%         6d3       100%        6


Dungeon Overview and Level Annotations

Branches:
Dungeon (11/15)            Temple (1/1) D:4            Lair (3/6) D:9
  Swamp (0/4) Lair:3          Orc (0/2) D:9         Ossuary (visited)
Gauntlet (visited)
  Snake: Lair:2-4    Spider: Lair:2-4

Altars:
Ashenzari
Cheibriados
Dithmenos
Elyvilon
Fedhas
Gozag
Hepliaklqana
Kikubaaqudgha
Makhleb
Nemelex Xobeh
Okawaru
Qazlal
Ru
Sif Muna
Trog
Uskayaw
Vehumet
Wu Jian
Xom
Yredelemnul
Zin
The Shining One

Shops:
D:2 :   D:8 [

Annotations:
D:5 3 runed translucent doors, cpf86's ghost, novice VSFi; da312102's ghost, amateur DsFi; da312102's ghost, amateur HuFi; da312102's ghost, novice HuFi
D:9 3 runed translucent doors, thesequoiad's ghost, novice DsIE


Innate Abilities, Weirdness & Mutations

((You are very nimble when in or above water. (Stealth+, EV+, Speed+++)))
Your lower body shifts to a powerful aquatic tail in water.


Message History

You puncture the death yak!
The death yak is severely wounded.
You hit the death yak.
The death yak looks as sick as possible!
The death yak is severely wounded.
The death yak gores you!
* * * LOW HITPOINT WARNING * * *
You feel better. The death yak gores you!
* * * LOW HITPOINT WARNING * * *
You feel better. The death yak misses you.
You hit the death yak but do no damage.
The death yak looks as sick as possible!
The death yak is severely wounded.
The death yak gores you but does no damage.
You hit the death yak but do no damage.
The death yak looks as sick as possible!
You punch the death yak, but do no damage.
The death yak is almost dead.
You impale the death yak!!
You kill the death yak!
Makhleb accepts your kill.
You feel better.
You puncture the death yak!
The death yak looks as sick as possible!
The death yak is lightly wounded.
The death yak closely misses you.
You hit the death yak.
The death yak looks as sick as possible!
The death yak is moderately wounded.
You puncture the death yak!
The death yak looks as sick as possible!
The death yak is heavily wounded.
The death yak gores you!
* * * LOW HITPOINT WARNING * * *
You hit the death yak.
The death yak looks as sick as possible!
You punch the death yak, but do no damage.
The death yak is heavily wounded.
You feel better. The death yak gores you!
You die...

...............###.#.###...#.##..
................####..#.....##.#.
...............##.....##....#....
P..###..#.............#....##....
.........#.....##.....##...##....
...............##......+....#....
.^......(P.....##.....P#...##....
......∩........#...........#.....
...............#@.....#.....#....
.........#.....Y####.###....#....
#.+##P.##........#####P..÷÷....#.
...........................###+##
.................................
...<.............................
.+#.P............................
#.......#...................#..#.
#.......#.......###.#......##P...


You could see a death yak (extremely poisoned).

Vanquished Creatures
  A boulder beetle (D:11)
  A catoblepas (Lair:2)
  2 two-headed ogres
  3 death yaks (Lair:2)
  Urug (D:10)
  A soul eater (Gauntlet)
  2 sixfirhies (Gauntlet)
  2 manticores (D:11)
  4 cane toads
  A rime drake (Lair:1)
  An unseen horror (D:8)
  6 komodo dragons
  A tyrant leech (Lair:3)
  2 trolls
  A hornet (D:8)
  5 blink frogs (Lair:1)
  A meliai zombie (D:11)
  A vampire (D:8)
  4 flying skulls (Gauntlet)
  A shadow (D:11)
  A wyvern (D:8)
  27 yaks
  A basilisk (Lair:2)
  A steam dragon (Lair:3)
  3 vampire mosquitoes (D:8)
  Menkaure (D:7)
  2 swamp worms (Lair:3)
  4 wargs (D:11)
  2 acid dragons (D:8)
  A naga (Lair:3)
  8 water moccasins
  Duvessa (D:5)
  A black bear (D:5)
  A sky beast (D:8)
  10 orc warriors
  A necrophage (D:8)
  3 ogres
  4 centaurs (D:8)
  12 wolves
  8 bullfrogs
  3 scorpions
  A wyvern zombie (D:8)
  A gnoll sergeant (D:8)
  8 water moccasin zombies (Ossuary)
  Dowan (D:5)
  9 killer bees (D:10)
  A howler monkey (D:5)
  14 wights
  3 electric eels
  2 centaur zombies
  A hound (D:7)
  5 orc priests
  2 jellies (D:6)
  2 bullfrog skeletons
  A centaur skeleton (D:5)
  2 gnoll shamans
  2 iguanas
  Natasha (twice) (D:3)
  15 orc wizards
  3 hound zombies (D:3)
  2 mummies (Ossuary)
  A howler monkey zombie (D:9)
  11 adders
  11 gnolls
  3 shadow imps
  2 ufetubi
  3 adder zombies (Ossuary)
  A worm (D:3)
  2 dart slugs (D:2)
  40 orcs
  9 ball pythons
  4 endoplasms
  5 giant cockroaches
  5 gnoll zombies (Ossuary)
  9 goblins
  8 hobgoblins
  2 jackals (D:1)
  3 kobolds
  A quokka (D:4)
  9 bats
  3 frilled lizards
  5 hobgoblin zombies (Ossuary)
  5 kobold zombies (Ossuary)
  7 orc zombies (Ossuary)
  A quokka zombie (D:3)
  7 rats
  A toadstool (D:2)
371 creatures vanquished.

Vanquished Creatures (collateral kills)
  A minotaur (Gauntlet)
1 creature vanquished.

Vanquished Creatures (others)
  4 fungi
  9 plants
  5 toadstools (D:2)
18 creatures vanquished.

Grand Total: 390 creatures vanquished

Notes
Turn   | Place    | Note
-------+----------+-------------------------------------------
     0 | D:1      | Softman25 the Merfolk Gladiator began the quest for the
                  | Orb.
     0 | D:1      | Reached XP level 1. HP: 16/16 MP: 1/1
    94 | D:1      | Reached XP level 2. HP: 22/23 MP: 2/2
   569 | D:2      | Found a shimmering altar of Xom.
   575 | D:2      | Reached XP level 3. HP: 25/29 MP: 3/3
   652 | D:2      | Reached skill level 5 in Polearms
   781 | D:2      | Found San Hox's Book Emporium.
  1247 | D:3      | Reached skill level 1 in Armour
  1247 | D:3      | Reached XP level 4. HP: 20/37 MP: 4/4
  1502 | D:3      | Noticed Natasha
  1510 | D:3      | Killed Natasha
  1511 | D:3      | Reached XP level 5. HP: 34/42 MP: 5/5
  2092 | D:3      | Reached skill level 6 in Polearms
  2357 | D:3      | Noticed Natasha
  2364 | D:3      | Killed Natasha
  2365 | D:3      | Reached XP level 6. HP: 46/50 MP: 6/6
  2477 | D:3      | Reached skill level 5 in Fighting
  2498 | D:3      | Found a basalt altar of Yredelemnul.
  2550 | D:3      | Found a faded altar of an unknown god.
  2988 | D:3      | Reached XP level 7. HP: 54/57 MP: 7/7
  3136 | D:4      | Reached skill level 7 in Polearms
  3454 | D:4      | Found a staircase to the Ecumenical Temple.
  3481 | Temple   | Entered the Ecumenical Temple
  3531 | Temple   | Became a worshipper of Makhleb the Destroyer
  3711 | D:4      | Found a shimmering altar of Xom.
  3716 | D:4      | Found a broken altar of Ashenzari.
  4018 | D:4      | Found a snail-covered altar of Cheibriados.
  4216 | D:5      | Entered Level 5 of the Dungeon
  4305 | D:5      | Reached skill level 1 in Invocations
  4478 | D:5      | Found an iron altar of Okawaru.
  4533 | D:5      | Reached XP level 8. HP: 44/65 MP: 7/9
  4690 | D:5      | Found a runed translucent gate.
  4691 | D:5      | Found a runed translucent gate.
  4691 | D:5      | Found a runed translucent gate.
  4692 | D:5      | Noticed da312102's ghost (amateur DsFi)
  4692 | D:5      | Noticed da312102's ghost (amateur HuFi)
  4693 | D:5      | Noticed cpf86's ghost (novice VSFi)
  4693 | D:5      | Noticed da312102's ghost (novice HuFi)
  4699 | D:5      | Found a glowing golden altar of the Shining One.
  4716 | D:5      | Noticed Duvessa
  4716 | D:5      | Noticed Dowan
  4753 | D:5      | Killed Duvessa
  4756 | D:5      | Killed Dowan
  5256 | D:5      | Reached skill level 8 in Polearms
  5422 | D:6      | Reached * piety under Makhleb
  5823 | D:6      | Found a shimmering blue altar of Sif Muna.
  5883 | D:6      | Found a white marble altar of Elyvilon.
  6188 | D:7      | Found a sand-covered staircase.
  6191 | D:7      | Noticed Menkaure
  6200 | Ossuary  | Entered an ossuary
  6422 | Ossuary  | Reached XP level 9. HP: 59/75 MP: 11/11
  6548 | Ossuary  | Reached ** piety under Makhleb
  6549 | Ossuary  | Reached skill level 9 in Polearms
  6658 | D:7      | Killed Menkaure
  7191 | D:7      | You are sucked into a shaft and drop 3 floors!
  7191 | D:10     | Entered Level 10 of the Dungeon
  7564 | D:8      | Found Couskugg's Antique Armour Shop.
  7887 | D:7      | Reached skill level 5 in Invocations
  8239 | D:8      | Reached skill level 10 in Polearms
  8243 | D:8      | Reached *** piety under Makhleb
  8299 | D:8      | Reached skill level 10 in Fighting
  8520 | D:8      | Reached XP level 10. HP: 85/85 MP: 12/14
  8540 | D:8      | Killed an unseen horror
  8573 | D:8      | Identified the ring "Tehifarot" {Ice rElec Int+9 Stlth+}
  8638 | D:8      | Reached skill level 5 in Armour
  8914 | D:8      | Reached skill level 11 in Polearms
 10150 | D:9      | Found a staircase to the Lair.
 10173 | D:9      | Reached **** piety under Makhleb
 10175 | D:9      | Reached skill level 12 in Polearms
 10428 | D:9      | Found a staircase to the Orcish Mines.
 10496 | D:9      | Found a runed translucent gate.
 10496 | D:9      | Found a runed translucent gate.
 10496 | D:9      | Found a runed translucent gate.
 10517 | D:9      | Found a bloodstained altar of Trog.
 10733 | D:9      | Noticed thesequoiad's ghost (novice DsIE)
 10867 | D:10     | Noticed Urug
 10901 | D:10     | Killed Urug
 10902 | D:10     | Reached XP level 11. HP: 44/95 MP: 16/16
 11138 | D:10     | Reached skill level 5 in Dodging
 11234 | D:10     | Noticed a two-headed ogre
 11249 | D:10     | Killed a two-headed ogre
 11250 | D:10     | Reached skill level 13 in Polearms
 11813 | D:11     | Noticed a two-headed ogre
 11827 | D:11     | Killed a two-headed ogre
 11837 | D:11     | Reached skill level 14 in Polearms
 11928 | D:11     | Noticed a manticore
 11948 | D:11     | Killed a manticore
 12166 | D:11     | Noticed a boulder beetle
 12212 | D:11     | Killed a boulder beetle
 12318 | D:11     | Noticed a manticore
 12333 | D:11     | Killed a manticore
 13114 | D:11     | Reached XP level 12. HP: 82/105 MP: 18/18
 13211 | D:11     | Identified the +1 scale mail of Responsibility {rPois MP+9
                  | Dex-3}
 13320 | D:11     | Reached skill level 15 in Polearms
 13497 | Lair:1   | Entered Level 1 of the Lair of Beasts
 13936 | Lair:1   | Reached ***** piety under Makhleb
 14496 | Lair:1   | Reached skill level 16 in Polearms
 14908 | Lair:2   | Found a gate leading to a gauntlet.
 14941 | Gauntlet | Entered a Gauntlet
 14941 | Gauntlet | Found a transporter.
 14946 | Gauntlet | Found a transporter.
 14947 | Gauntlet | Found a transporter.
 14959 | Gauntlet | Found a transporter.
 14960 | Gauntlet | Found a transporter.
 14962 | Gauntlet | Noticed a wretched star
 14963 | Gauntlet | Noticed a death yak
 14963 | Gauntlet | Noticed a death yak
 14964 | Gauntlet | Noticed a death yak
 14970 | Gauntlet | Found a transporter.
 14984 | Gauntlet | Noticed a death yak
 14985 | Gauntlet | Noticed a death yak
 14985 | Gauntlet | Noticed a death yak
 14989 | Gauntlet | Found a transporter.
 14996 | Gauntlet | Found a transporter.
 15003 | Gauntlet | Found a transporter.
 15003 | Gauntlet | Found a transporter.
 15013 | Gauntlet | Found a transporter.
 15016 | Gauntlet | Found a transporter.
 15021 | Gauntlet | Noticed a soul eater
 15053 | Gauntlet | Found the macabre finger necklace {rN+}
 15055 | Gauntlet | Found a transporter.
 15069 | Gauntlet | Found a transporter.
 15132 | Gauntlet | Killed a soul eater
 15452 | Gauntlet | HP: 1/108 [sixfirhy (9)]
 15460 | Gauntlet | Identified the +0 hat of the Bells {-Tele rN+ Dex+7 Stlth+}
 15720 | Gauntlet | Identified the +5 dagger "Wiywnil" {freeze, rElec rC+++
                  | rCorr Int-5}
 15720 | Gauntlet | Noticed a minotaur
 15746 | Gauntlet | Killed a minotaur
 15862 | Lair:2   | Reached skill level 17 in Polearms
 16054 | Lair:2   | Reached skill level 15 in Fighting
 16113 | Lair:2   | Noticed a catoblepas
 16127 | Lair:2   | Killed a catoblepas
 16128 | Lair:2   | Reached XP level 13. HP: 115/115 MP: 20/20
 16209 | Lair:2   | Reached skill level 10 in Invocations
 16981 | Lair:3   | Found a staircase to the Swamp.
 16995 | Lair:3   | Reached skill level 10 in Dodging
 17125 | Lair:2   | Reached skill level 18 in Polearms
 17126 | Lair:2   | HP: 5/116 [death yak (13)]
 17131 | Lair:2   | HP: 4/116 [death yak (9)]
 17141 | Lair:2   | Slain by a death yak

Illustrated notes

Levels and vault maps discovered:
D:1:      dpeg_arrival_chambers_temple_mockup, layout_basic
D:2:      layout_rooms, serial_shops, nicolae_shop_waterfront, basic_altar,
          st_stairs_12, minmay_gold_behind_fungi
D:3:      layout_loops_ring, nicolae_yredelemnul_corpse_copse,
          ebering_ecumenical_altar_webs, minmay_vboxes, uniq_natasha
D:4:      layout_cave_pools, mainiacjoe_overflow_concentric_impassable,
          nicolae_overflow_squiral, minmay_temple_entry_mini_moons,
          minmay_misc_feat_cross, chequers_serial_rivers_large_b
D:5:      nicolae_cairo_tiling_large_dashed, layout_rooms,
          mainiacjoe_overflow_tiny_flanked, nicolae_overflow_crystal_walls,
          gammafunk_ghost_cemetery, kennysheep_another_room, uniq_duvessa
D:6:      layout_rooms, elyvilon_altar_4, lemuel_blue_sif_altar,
          serial_corexii_hall, corexii_hall_statues_i, corexii_hall_statues_x,
          corexii_hall_statues_t, chequers_hall_statues_y
D:7:      layout_loops_ring, nicolae_ossuary_entry_monument, enter_bailey_7,
          nrook_loot_triangle, minmay_misc_feat_iff, uniq_menkaure
D:8:      minmay_the_grid_octo_triangle [minmay_the_grid_octo_fat_diamond,
          minmay_the_grid_octo_prize_ultimate_mussel_roller,
          minmay_the_grid_octo_clover_2], layout_gridville,
          minmay_shop_grid_forest
D:9:      layout_cave_pools, lightli_temple_of_fire, lair_entry_dummy,
          david_orc_3, gammafunk_ghost_spectres, dk_noncrumbling_4
D:10:     layout_irregular_city, uniq_urug
D:11:     layout_long_grid, nooodl_orcs_dogs
Temple:   cyrus_circular_temple
Lair:1:   layout_loops_ring
Lair:2:   layout_regular_city, gauntlet_entry_generic
Lair:3:   layout_chaotic_city, minmay_swamp_entry_worms,
          guppyfry_snake_entry_island, portal_ice_cave_entry_pillars_2,
          serial_bayou_shore_a

Skill      XL: |  1  2  3  4  5  6  7  8  9 10 11 12 13 |
---------------+----------------------------------------+-----
Fighting       | 3 4 5 6 8 10 12 13 15 | 15.3
Polearms       | 5 6 7 8 10 12 14 17 18 | 18.1
Armour         | 1 2 3 4 5 |  5.7
Invocations    | 1 3 5 7 8 9 10 | 10.3
Dodging        | 7 9 10 | 10.2
Throwing       | |  2.0

Action                   |  1- 3 |  4- 6 |  7- 9 | 10-12 | 13-15 || total
-------------------------+-------+-------+-------+-------+-------++-------
Melee: Trident           |   102 |   143 |   616 |   608 |   135 ||  1604
       Punch             |     1 |     1 |     8 |    11 |     7 ||    28
       Spear             |       |       |    94 |    30 |       ||   124
       Halberd           |       |       |       |   102 |       ||   102
Throw: Throwing net      |       |     1 |       |     2 |       ||     3
Invok: Minor Destruction |       |       |     1 |     2 |       ||     3
       Lesser Servant of |       |       |       |     2 |       ||     2
       Major Destruction |       |       |       |     1 |       ||     1
Evoke: Wand              |       |       |     2 |    24 |       ||    26
  Use: Potion            |       |     2 |     4 |     6 |     4 ||    16
       Scroll            |       |       |     7 |    22 |     2 ||    31
 Stab: Sleeping          |     1 |     2 |     4 |       |       ||     7
       Distracted        |       |     1 |       |     2 |       ||     3
       Paralysed         |       |       |       |     6 |       ||     6
Armor: Leather armour    |    13 |    22 |    32 |       |       ||    67
       Ring mail         |       |       |   145 |    27 |       ||   172
       Quicksilver drago |       |       |       |   104 |       ||   104
       Plate armour      |       |       |       |   139 |    39 ||   178
Dodge: Dodged            |    57 |    85 |   313 |   278 |    42 ||   775
Block: Other             |       |    11 |   121 |   146 |    14 ||   292
       Reflection        |       |       |       |     5 |       ||     5
